 Dungeon Crawl Stone Soup version 0.26-a0-976-gd3b5134375 (webtiles) character file.

Game seed: 13311088836351117004

124748 Gargoyl the Envoy of Void (level 16, 0/129 HPs)
             Began as a Gnoll Abyssal Knight on Dec 5, 2020.
             Was a High Priest of Lugonu.
             Slain by a black mamba (7 damage)
             ... on level 2 of the Snake Pit.
             The game lasted 00:51:33 (44744 turns).

Gargoyl the Envoy of Void (Gnoll Abyssal Knight)   Turns: 44744, Time: 00:51:33

Health: 0/129      AC: 25    Str: 20    XL:     16   Next: 94%
Magic:  28/28      EV: 10    Int: 15    God:    Lugonu [*****.]
Gold:   1831       SH:  5    Dex: 14    Spells: 37/37 levels left

rFire    + + .     SeeInvis .   H - +9 battleaxe of the Saving Hero {drain, +Inv rPois rC+}
rCold    + + .     Faith    .   (shield currently unavailable)
rNeg     . . .     Spirit   .   G - +0 plate armour
rPois    +         Reflect  +   d - +2 helmet "Damnable Contraption" {rElec rF+ Dex-2 Stlth+}
rElec    +         Harm     .   k - +2 cloak
rCorr    +         Rampage  .   f - +2 pair of gloves
MR       ++...                  N - +0 pair of boots
Stlth    ..........             B - amulet of reflection
HPRegen  0.31/turn              W - ring of protection from magic
MPRegen  0.21/turn              I - ring of resist corrosion

@: lethally poisoned (0 -> -2), heavily drained
A: distributed training, fangs 1, cold resistance 1, fire resistance 1, low mp
1, MP-powered wands, strong nose
a: Depart the Abyss, Bend Space, Banish, Corrupt, Enter the Abyss, Renounce
Religion, Evoke Invisibility


You were on level 2 of the Snake Pit.
You worshipped Lugonu.
Lugonu was extremely pleased with you.
You visited 4 branches of the dungeon, and saw 25 of its levels.
You visited the Abyss 2 times.
You also visited: Sewer.

You collected 2660 gold pieces.
You spent 829 gold pieces at shops.

Inventory:

Hand Weapons
 a - a +8 hand axe
 l - a +3 hand axe of flaming
 D - a +1 vorpal hand axe
 F - the +6 spear "Hellblazer" {drain, Str+6}
   (You found it on level 8 of the Dungeon)

   A truly terrible weapon, it drains the life of those it strikes.
   It affects your strength (+6).
 H - the +9 battleaxe of the Saving Hero (weapon) {drain, +Inv rPois rC+}
   (You found it on level 2 of the Lair of Beasts)

   A truly terrible weapon, it drains the life of those it strikes.
   It protects you from cold.
   It protects you from poison.
   It lets you turn invisible.
 T - the +10 hand axe of Drought {holy, rC+}
   (You found it on level 13 of the Dungeon)

   It has been blessed by the Shining One to cause great damage to the undead
   and demons.
   It protects you from cold.
Missiles
 g - 11 curare-tipped darts
 C - 42 poisoned darts (quivered)
Armour
 d - the +2 helmet "Damnable Contraption" (worn) {rElec rF+ Dex-2 Stlth+}
   (You acquired it on level 15 of the Dungeon)

   It affects your dexterity (-2).
   It protects you from fire.
   It insulates you from electricity.
   It makes you more stealthy.
 f - a +2 pair of gloves (worn)
 k - a +2 cloak (worn)
 G - a +0 plate armour (worn)
 N - a +0 pair of boots (worn)
 O - a +0 kite shield of reflection
Jewellery
 u - an uncursed ring of flight
 B - an amulet of reflection (around neck)
 I - a ring of resist corrosion (right hand)
 W - a ring of protection from magic (left hand)
Wands
 e - a wand of enslavement (7)
 q - a wand of digging (10)
 y - a wand of flame (52)
 z - a wand of acid (16)
 A - a wand of paralysis (5)
 L - a wand of random effects (57)
 P - a wand of iceblast (15)
 R - a wand of polymorph (20)
Scrolls
 h - 19 scrolls of remove curse
 j - 13 scrolls of identify
 m - 8 scrolls of teleportation
 o - 3 scrolls of fog
 p - 4 scrolls of fear
 Q - 4 scrolls of magic mapping
 Y - a scroll of blinking
Potions
 b - 8 potions of haste
 c - 3 potions of cancellation
 n - 3 potions of magic
 r - 4 potions of brilliance
 s - a potion of resistance
 t - 6 potions of lignification
 x - 3 potions of flight
 E - a potion of might
 J - 2 potions of mutation
 K - a potion of berserk rage
 U - a potion of invisibility
Miscellaneous
 v - a condenser vane


   Skills:
 + Level 12.6(9.1) Fighting
 + Level 11.1(7.7) Short Blades
 + Level 11.1(7.7) Long Blades
 + Level 11.9(8.4) Axes
 + Level 11.1(7.7) Maces & Flails
 + Level 11.1(7.7) Polearms
 + Level 11.1(7.7) Staves
 + Level 11.1(7.7) Slings
 + Level 11.1(7.7) Bows
 + Level 11.1(7.7) Crossbows
 + Level 11.1(7.7) Throwing
 + Level 11.9(8.4) Armour
 + Level 11.4(7.9) Dodging
 + Level 11.1(7.7) Stealth
 + Level 11.1(7.7) Shields
 + Level 11.1(7.7) Unarmed Combat
 + Level 11.1(7.7) Spellcasting
 + Level 9.5(6.2) Conjurations
 + Level 9.5(6.2) Hexes
 + Level 9.5(6.2) Summonings
 + Level 9.5(6.2) Necromancy
 + Level 9.5(6.2) Translocations
 + Level 9.5(6.2) Transmutations
 + Level 9.5(6.2) Fire Magic
 + Level 9.5(6.2) Ice Magic
 + Level 9.5(6.2) Air Magic
 + Level 9.5(6.2) Earth Magic
 + Level 9.5(6.2) Poison Magic
 + Level 12.7(9.2) Invocations
 + Level 11.1(7.7) Evocations


You had 37 spell levels left.
You didn't know any spells.
Your spell library contained the following spells:

 Spells                   Type           Power        Failure   Level
 Animate Skeleton         Necr           ###...       19%         1
 Foxfire                  Conj/Fire      ###.         19%         1
 Pain                     Necr           ###.         19%         1
 Shock                    Conj/Air       ###.         19%         1
 Sting                    Tmut/Pois      ###.         19%         1
 Poisonous Vapours        Pois/Air       ###...       28%         2
 Searing Ray              Conj           ###...       28%         2
 Swiftness                Air            ###.....     28%         2
 Confusing Touch          Hex            ###.....     50%         3
 Conjure Flame            Conj/Fire      ###.....     50%         3
 Dazzling Flash           Conj/Hex       ###...       50%         3
 Gell's Gravitas          Tloc           ###.......   50%         3
 Mephitic Cloud           Conj/Pois/Air  ###.....     50%         3
 Spider Form              Tmut/Pois      ###.......   50%         3
 Static Discharge         Conj/Air       ###.....     50%         3
 Vampiric Draining        Necr           ###.......   50%         3
 Airstrike                Air            ###.......   88%         4
 Animate Dead             Necr           ###.......   88%         4
 Leda's Liquefaction      Hex/Erth       ###.......   88%         4
 Petrify                  Tmut/Erth      ###.....     88%         4
 Agony                    Necr           ###.....     99%         5
 Bolt of Magma            Conj/Fire/Erth ###.......   99%         5
 Lightning Bolt           Conj/Air       ###.......   99%         5
 Metabolic Englaciation   Hex/Ice        ###.......   99%         5
 Yara's Violent Unravell  Hex/Tmut       ###.......   99%         5
 Freezing Cloud           Conj/Ice/Air   ###.......   100%        6
 Dragon Form              Tmut           ###.......   100%        7


Dungeon Overview and Level Annotations

Branches:
Dungeon (15/15)            Temple (0/1) D:7            Lair (6/6) D:11
 Shoals (0/4) Lair:2        Snake (2/4) Lair:3        Slime (0/5) Lair:6
    Orc (2/2) D:9             Elf (0/3) Orc:2        Vaults (0/5) D:14
 Depths (0/5) D:15          Sewer (visited)

Altars:
Ashenzari
Elyvilon
Gozag
Makhleb
Nemelex Xobeh
Trog
Xom
Yredelemnul
Zin
Beogh

Shops:
D:7 (   D:8 :   D:12 }   D:15 (   Orc:2 *[:!   Snake:1 :(((

Annotations:
D:3 1 runed translucent door
D:11 2 transporters, sylvie's ghost, journeyman DECj
Snake:1 2 transporters


Innate Abilities, Weirdness & Mutations

Your experience applies equally to all skills.
You have very sharp teeth.
Your uncanny sense of smell can sniff out nearby items.
Your flesh is cold resistant. (rC+)
Your flesh is heat resistant. (rF+)
Your magical capacity is low. (-10% MP)
You expend magic power (3 MP) to strengthen your wands.


Message History

You miss the black mamba.
The black mamba is heavily wounded.
You feel sick. The black mamba closely misses you.
The black mamba barely misses you.
You slash the black mamba!
The black mamba is almost dead.
You feel sick. The black mamba completely misses you.
The black mamba bites you.
* * * LOW HITPOINT WARNING * * *
You hit the black mamba. Your bite misses the black mamba.
The black mamba is almost dead.
You feel sick.
The black mamba bites you but does no damage.
The black mamba bites you!
* * * LOW HITPOINT WARNING * * *
You closely miss the black mamba.
The black mamba is almost dead.
The black mamba bites you but does no damage.
The black mamba bites you!
You die...

#..........##......#
##...####.##.......#
.##.##.....#.......#
......?....##.....##
............#.....#
............#.....#
..................#
#.....S#S####...
#S#.####@†# .## .
###....## # #.....#
###..## #.. #.. #..
#.. ..#


You could see a black mamba.

Vanquished Creatures
  Vashnia (Snake:2)
  A tentacled starspawn (Abyss:1)
  A nagaraja (Snake:2)
  A caustic shrike zombie (D:15)
  A dire elephant (Lair:5)
  The ghost of Kianlo Leno the Cleaver, a journeyman MiBe of Trog (Orc:1)
  Snorg (Orc:2)
  A fire dragon (Lair:6)
  Josephine (Lair:6)
  2 ogre magi (D:14)
  Harold (D:9)
  A great orb of eyes (Abyss:1)
  4 naga warriors
  13 hydras
  Fannar (D:12)
  5 vault guards (D:14)
  Erolcha (D:10)
  3 catoblepae
  3 anacondas (Snake:1)
  Erica (D:9)
  A centaur warrior (D:13)
  2 two-headed ogres (Orc:2)
  A boulder beetle (D:14)
  3 orc high priests (Orc:2)
  Urug (Lair:4)
  7 naga sharpshooters
  A deep elf knight (D:14)
  5 skeletal warriors
  2 unseen horrors
  A swamp dragon (Lair:6)
  4 naga ritualists
  A necromancer (D:15)
  A phantasmal warrior (D:15)
  A wizard (Abyss:1)
  4 mana vipers (Snake:1)
  4 orc knights (Orc:2)
  A lindwurm (Lair:6)
  3 orc sorcerers (Orc:2)
  4 manticores
  6 ugly things
  2 deep elf magi
  7 cyclopes
  11 elephants
  2 salamanders
  23 black mambas
  A frost giant skeleton (D:15)
  A guardian serpent (Snake:1)
  2 torpor snails
  2 orange demons (D:13)
  3 gargoyles
  A centaur skeleton (D:15)
  A kobold demonologist (D:13)
  A yaktaur (D:14)
  12 komodo dragons
  7 rime drakes
  9 cane toads
  An efreet (D:13)
  2 freezing wraiths (D:15)
  A spriggan skeleton (D:15)
  A demonic crawler (Abyss:1)
  3 trolls
  3 red devils (D:13)
  2 polar bears
  4 slime creatures (D:15)
  4 dream sheep (Lair:6)
  4 raiju (Abyss:1)
  22 blink frogs
  A vampire (D:12)
  A spriggan (shapeshifter) (D:13)
  6 wyverns
  6 wraiths
  44 yaks
  A human (D:14)
  4 basilisks
  Sigmund (D:3)
  4 fire bats (D:9)
  Grum (D:10)
  5 steam dragons
  A warg (Orc:1)
  3 nagas
  16 water moccasins
  4 acid dragons
  A hell hound (D:9)
  2 small abominations (Abyss:1)
  5 black bears
  20 orc warriors
  4 sky beasts
  3 ice beasts
  A phantom (D:12)
  A necrophage (D:4)
  11 centaurs
  8 ogres
  27 wolves
  2 big kobolds
  19 bullfrogs
  A gnoll sergeant (D:9)
  A yaktaur skeleton (D:15)
  4 scorpions
  A water moccasin skeleton (D:9)
  15 killer bees
  17 wights
  2 electric eels (Lair:2)
  2 lava snakes (D:9)
  3 crimson imps (D:5)
  2 centaur zombies
  A bullfrog zombie (D:8)
  A human zombie (D:3)
  Crazy Yiuf (D:2)
  4 bullfrog skeletons
  4 hounds
  11 jellies
  10 orc priests
  7 iguanas
  16 orc wizards
  8 worker ants
  Natasha (thrice) (D:2)
  5 hell rats
  A hound zombie (D:6)
  2 hound skeletons
  2 worker ant zombies
  6 gnolls
  12 adders
  A river rat (Sewer)
  3 shadow imps
  5 white imps
  2 ufetubi
  6 oozes
  An adder zombie (D:9)
  An adder skeleton (D:4)
  5 worms
  A dart slug (D:3)
  12 leopard geckos
  62 orcs
  2 ball pythons
  8 giant cockroaches
  9 goblins
  7 hobgoblins
  18 jackals
  35 kobolds
  3 quokkas
  4 bats
  10 frilled lizards
  2 jackal skeletons (D:3)
  A quokka skeleton (D:4)
  9 rats
  2 fire vortices (D:9)
  2 starspawn tentacles (Abyss:1)
784 creatures vanquished.

Vanquished Creatures (others)
  A cane toad (Lair:6)
  2 yaks (Lair:6)
  A water moccasin (Lair:6)
  A sky beast (D:12)
  A bullfrog skeleton (D:5)
  2 iguanas (Lair:6)
  4 bushes
  A fire vortex (D:9)
  36 fungi
  73 plants
  2 starspawn tentacles (Abyss:1)
  A withered plant (D:15)
125 creatures vanquished.

Grand Total: 909 creatures vanquished

Notes
Turn   | Place    | Note
-------+----------+-------------------------------------------
     0 | Abyss:1  | Gargoyl the Gnoll Abyssal Knight began the quest for the
                  | Orb.
     0 | Abyss:1  | Reached XP level 1. HP: 23/23 MP: 3/3
   143 | Abyss:2  | Found a corrupted altar of Lugonu.
   148 | Abyss:2  | Noticed a large abomination
   171 | Abyss:3  | Noticed a small abomination
   211 | Abyss:3  | Noticed a smoke demon
   214 | D:1      | Escaped the Abyss
   495 | D:1      | Reached XP level 2. HP: 29/29 MP: 5/5
   585 | D:1      | Reached * piety under Lugonu
   796 | D:1      | Reached XP level 3. HP: 34/35 MP: 6/6
  1262 | D:2      | Reached skill level 1 in Short Blades
  1262 | D:2      | Reached skill level 1 in Long Blades
  1262 | D:2      | Reached skill level 1 in Maces & Flails
  1262 | D:2      | Reached skill level 1 in Polearms
  1262 | D:2      | Reached skill level 1 in Staves
  1262 | D:2      | Reached skill level 1 in Slings
  1262 | D:2      | Reached skill level 1 in Bows
  1262 | D:2      | Reached skill level 1 in Crossbows
  1262 | D:2      | Reached skill level 1 in Throwing
  1262 | D:2      | Reached skill level 1 in Stealth
  1262 | D:2      | Reached skill level 1 in Shields
  1262 | D:2      | Reached skill level 1 in Unarmed Combat
  1262 | D:2      | Reached skill level 1 in Spellcasting
  1262 | D:2      | Reached skill level 1 in Evocations
  1326 | D:2      | Noticed Natasha
  1335 | D:2      | Killed Natasha
  1336 | D:2      | Reached XP level 4. HP: 39/41 MP: 4/7
  1407 | D:2      | Noticed Natasha
  1417 | D:2      | Reached skill level 1 in Conjurations
  1417 | D:2      | Reached skill level 1 in Hexes
  1417 | D:2      | Reached skill level 1 in Summonings
  1417 | D:2      | Reached skill level 1 in Necromancy
  1417 | D:2      | Reached skill level 1 in Translocations
  1417 | D:2      | Reached skill level 1 in Transmutations
  1417 | D:2      | Reached skill level 1 in Fire Magic
  1417 | D:2      | Reached skill level 1 in Ice Magic
  1417 | D:2      | Reached skill level 1 in Air Magic
  1417 | D:2      | Reached skill level 1 in Earth Magic
  1417 | D:2      | Reached skill level 1 in Poison Magic
  1422 | D:2      | Killed Natasha
  1423 | D:2      | Reached XP level 5. HP: 30/47 MP: 4/8
  1461 | D:2      | Reached ** piety under Lugonu
  1517 | D:2      | Noticed Natasha
  1528 | D:2      | Killed Natasha
  2013 | D:2      | Found a runed translucent door.
  2014 | D:2      | Noticed Crazy Yiuf
  2023 | D:2      | Killed Crazy Yiuf
  2381 | D:3      | Reached skill level 5 in Invocations
  2446 | D:3      | Reached XP level 6. HP: 51/53 MP: 7/9
  2604 | D:3      | Found a glowing drain.
  2633 | Sewer    | Entered a sewer
  2766 | Sewer    | Reached skill level 5 in Axes
  2766 | Sewer    | Reached skill level 5 in Armour
  2848 | Sewer    | Found a white marble altar of Elyvilon.
  2906 | D:3      | Noticed Sigmund
  2909 | D:3      | Killed Sigmund
  2910 | D:3      | Reached XP level 7. HP: 59/59 MP: 10/10
  3118 | D:3      | Found a runed translucent door.
  3118 | D:3      | Noticed a human
  3119 | D:3      | Found a basalt altar of Yredelemnul.
  3142 | D:3      | Reached *** piety under Lugonu
  4079 | D:5      | Entered Level 5 of the Dungeon
  4094 | D:4      | Reached XP level 8. HP: 51/65 MP: 8/12
  4870 | D:5      | Reached XP level 9. HP: 68/70 MP: 14/14
  4901 | D:5      | Found a shimmering altar of Xom.
  5415 | D:6      | Reached skill level 5 in Dodging
  5639 | D:6      | Reached **** piety under Lugonu
  6518 | D:7      | You fall into a shaft and drop 1 floor!
  6568 | D:7      | Found a staircase to the Ecumenical Temple.
  6785 | D:7      | Found Meulil's Antique Weapon Shoppe.
  6806 | D:7      | Bought a glowing hand axe for 132 gold pieces
  6898 | D:7      | Found a glowing silver altar of Zin.
  7139 | D:8      | Found Solomuec's Book Boutique.
  7857 | D:8      | Reached XP level 10. HP: 45/80 MP: 13/17
  8166 | D:8      | Reached skill level 5 in Short Blades
  8166 | D:8      | Reached skill level 5 in Long Blades
  8166 | D:8      | Reached skill level 5 in Maces & Flails
  8166 | D:8      | Reached skill level 5 in Polearms
  8166 | D:8      | Reached skill level 5 in Staves
  8166 | D:8      | Reached skill level 5 in Slings
  8166 | D:8      | Reached skill level 5 in Bows
  8166 | D:8      | Reached skill level 5 in Crossbows
  8166 | D:8      | Reached skill level 5 in Throwing
  8166 | D:8      | Reached skill level 5 in Stealth
  8166 | D:8      | Reached skill level 5 in Shields
  8166 | D:8      | Reached skill level 5 in Unarmed Combat
  8166 | D:8      | Reached skill level 5 in Spellcasting
  8166 | D:8      | Reached skill level 5 in Evocations
  8501 | D:8      | Got a transparent spear
  8502 | D:8      | Identified the +6 spear "Hellblazer" {drain, Str+6} (You
                  | found it on level 8 of the Dungeon)
  9419 | D:9      | Noticed a cyclops
  9428 | D:9      | Killed a cyclops
  9481 | D:9      | Noticed Harold
  9846 | D:9      | Killed Harold
  9949 | D:8      | Reached ***** piety under Lugonu
 10825 | D:9      | Reached XP level 11. HP: 80/87 MP: 19/19
 11020 | D:9      | Reached skill level 5 in Conjurations
 11020 | D:9      | Reached skill level 5 in Hexes
 11020 | D:9      | Reached skill level 5 in Summonings
 11020 | D:9      | Reached skill level 5 in Necromancy
 11020 | D:9      | Reached skill level 5 in Translocations
 11020 | D:9      | Reached skill level 5 in Transmutations
 11020 | D:9      | Reached skill level 5 in Fire Magic
 11020 | D:9      | Reached skill level 5 in Ice Magic
 11020 | D:9      | Reached skill level 5 in Air Magic
 11020 | D:9      | Reached skill level 5 in Earth Magic
 11020 | D:9      | Reached skill level 5 in Poison Magic
 11179 | D:9      | Identified Sif Muna's Almanac of Excruciating Envenoming
 11362 | D:9      | Noticed Erica
 11378 | D:9      | Killed Erica
 11481 | D:9      | Found a staircase to the Orcish Mines.
 11840 | D:10     | Entered Level 10 of the Dungeon
 11860 | D:10     | Gained mutation: You are partially covered in iridescent
                  | scales. (AC +2) [potion of mutation]
 11860 | D:10     | Gained mutation: Armour fits poorly on your strangely
                  | shaped body. [potion of mutation]
 11860 | D:10     | Gained mutation: Your magical capacity is low. (-10% MP)
                  | [potion of mutation]
 11860 | D:10     | Gained mutation: You can translocate small distances at
                  | will. [potion of mutation]
 11861 | D:10     | Lost mutation: Your magical capacity is low. (-10% MP)
                  | [potion of mutation]
 11861 | D:10     | Lost mutation: You are partially covered in iridescent
                  | scales. (AC +2) [potion of mutation]
 11861 | D:10     | Gained mutation: Your spells are a little harder to cast,
                  | but a little more powerful. [potion of mutation]
 11861 | D:10     | Gained mutation: Your system is resistant to poisons.
                  | (rPois) [potion of mutation]
 12056 | D:10     | Noticed Grum
 12094 | D:10     | Killed Grum
 12857 | D:10     | Noticed Erolcha
 12871 | D:10     | Killed Erolcha
 14075 | D:11     | Noticed a purple ugly thing
 14092 | D:11     | Killed a purple ugly thing
 14782 | D:11     | Reached XP level 12. HP: 67/96 MP: 22/22
 15054 | D:11     | Found a bloodstained altar of Trog.
 15055 | D:11     | Noticed sylvie's ghost (journeyman DECj)
 15055 | D:11     | Noticed a two-headed ogre
 15060 | D:11     | Found a transporter.
 15068 | D:11     | Found an opulent altar of Gozag.
 15770 | D:11     | Found a staircase to the Lair.
 15813 | D:11     | Found a transporter.
 15992 | D:11     | Found a white marble altar of Elyvilon.
 15998 | D:11     | Noticed a six-headed hydra
 16007 | D:11     | Killed a six-headed hydra
 16279 | Lair:1   | Entered Level 1 of the Lair of Beasts
 16375 | Lair:1   | Noticed a four-headed hydra
 16383 | Lair:1   | Killed a four-headed hydra
 16976 | Lair:1   | Reached skill level 10 in Fighting
 17944 | Lair:2   | Got a masterwork battleaxe
 17945 | Lair:2   | Identified the +9 battleaxe of the Saving Hero {drain, +Inv
                  | rPois rC+} (You found it on level 2 of the Lair of Beasts)
 18339 | Lair:2   | Lost mutation: Your spells are a little harder to cast, but
                  | a little more powerful. [potion of mutation]
 18339 | Lair:2   | Lost mutation: Your system is resistant to poisons. (rPois)
                  | [potion of mutation]
 18339 | Lair:2   | Lost mutation: Armour fits poorly on your strangely shaped
                  | body. [potion of mutation]
 18339 | Lair:2   | Lost mutation: You can translocate small distances at will.
                  | [potion of mutation]
 18339 | Lair:2   | Gained mutation: Your magical capacity is low. (-10% MP)
                  | [potion of mutation]
 18339 | Lair:2   | Gained mutation: Your flesh is heat resistant. (rF+)
                  | [potion of mutation]
 18339 | Lair:2   | Gained mutation: Your flesh is cold resistant. (rC+)
                  | [potion of mutation]
 18339 | Lair:2   | Gained mutation: You expend magic power (3 MP) to
                  | strengthen your wands. [potion of mutation]
 18367 | Lair:2   | Noticed a seven-headed hydra
 18394 | Lair:2   | Killed a three-headed hydra
 18895 | Lair:2   | Noticed a six-headed hydra
 18908 | Lair:2   | Killed a six-headed hydra
 18909 | Lair:2   | Reached XP level 13. HP: 32/103 MP: 22/22
 19216 | Lair:2   | Found a staircase to the Shoals.
 19451 | Lair:2   | Reached ****** piety under Lugonu
 19612 | Lair:2   | Reached skill level 10 in Invocations
 21055 | Lair:3   | Found a staircase to the Snake Pit.
 22081 | Lair:4   | Noticed Urug
 22368 | Lair:4   | Killed Urug
 23104 | Lair:4   | Found a runed translucent door.
 23457 | Lair:4   | Identified Sif Muna's Grimoire of Mutagenic Clay
 23895 | Lair:5   | Reached XP level 14. HP: 48/111 MP: 24/24
 24350 | Lair:5   | Reached skill level 10 in Axes
 24350 | Lair:5   | Reached skill level 10 in Armour
 24751 | Lair:6   | Entered Level 6 of the Lair of Beasts
 25164 | Lair:6   | Found a staircase to the Slime Pits.
 26645 | Lair:6   | Noticed Josephine
 26661 | Lair:6   | Killed Josephine
 27000 | Lair:6   | Noticed a dire elephant
 27346 | Lair:5   | Killed a dire elephant
 28527 | D:12     | Noticed Fannar
 28541 | D:12     | Killed Fannar
 29052 | D:12     | Reached skill level 10 in Dodging
 29484 | D:12     | Found Celyrch's Gadget Boutique.
 30127 | D:13     | Reached XP level 15. HP: 54/119 MP: 25/25
 30923 | D:13     | Got an ichor-stained hand axe
 30937 | D:13     | Identified the +10 hand axe of Drought {holy, rC+} (You
                  | found it on level 13 of the Dungeon)
 33184 | D:14     | Found a broken altar of Ashenzari.
 33275 | D:14     | Reached skill level 10 in Short Blades
 33275 | D:14     | Reached skill level 10 in Long Blades
 33275 | D:14     | Reached skill level 10 in Maces & Flails
 33275 | D:14     | Reached skill level 10 in Polearms
 33275 | D:14     | Reached skill level 10 in Staves
 33275 | D:14     | Reached skill level 10 in Slings
 33275 | D:14     | Reached skill level 10 in Bows
 33275 | D:14     | Reached skill level 10 in Crossbows
 33275 | D:14     | Reached skill level 10 in Throwing
 33275 | D:14     | Reached skill level 10 in Stealth
 33275 | D:14     | Reached skill level 10 in Shields
 33275 | D:14     | Reached skill level 10 in Unarmed Combat
 33275 | D:14     | Reached skill level 10 in Spellcasting
 33275 | D:14     | Reached skill level 10 in Evocations
 34367 | D:14     | Found a gate to the Vaults.
 34818 | D:15     | Entered Level 15 of the Dungeon
 34818 | D:15     | Found Puhoa's Antique Weapon Shop.
 35252 | D:15     | Found a staircase to the Depths.
 35784 | D:15     | Identified a scroll of acquirement
 35784 | D:15     | Acquired the +2 helmet "Damnable Contraption" {rElec rF+
                  | Dex-2 Stlth+}
 35930 | D:15     | Found a sparkling altar of Nemelex Xobeh.
 36463 | Orc:1    | Entered Level 1 of the Orcish Mines
 36583 | Orc:1    | Found a roughly hewn altar of Beogh.
 36617 | Orc:1    | Found a runed translucent door.
 36619 | Orc:1    | Noticed Kianlo Leno's ghost (journeyman MiBe)
 36744 | Orc:1    | Killed Kianlo Leno's ghost
 36790 | Orc:2    | Entered Level 2 of the Orcish Mines
 36862 | Orc:1    | Found a burning altar of Makhleb.
 36958 | Orc:2    | Noticed Snorg
 36977 | Orc:2    | Killed Snorg
 37274 | Orc:2    | Reached XP level 16. HP: 89/127 MP: 27/27
 37407 | Orc:2    | Found a staircase to the Elven Halls.
 38577 | Orc:2    | Found Tiresig's Distillery.
 38577 | Orc:2    | Found Cuusur's Book Shoppe.
 38938 | Orc:2    | Found Coug's Assorted Antiques.
 38938 | Orc:2    | Found Fadir's Armour Boutique.
 38949 | Orc:2    | Bought a potion of heal wounds for 85 gold pieces
 38949 | Orc:2    | Bought a potion of heal wounds for 85 gold pieces
 38949 | Orc:2    | Bought a potion of haste for 170 gold pieces
 38949 | Orc:2    | Bought a potion of haste for 170 gold pieces
 38949 | Orc:2    | Bought a potion of curing for 51 gold pieces
 38949 | Orc:2    | Bought a potion of mutation for 136 gold pieces
 39185 | Snake:1  | Entered Level 1 of the Snake Pit
 39736 | Snake:1  | Found Ytulihul's Antique Weapon Shoppe.
 39736 | Snake:1  | Found Parim's Book Emporium.
 39746 | Snake:1  | Found Rivaerhe's Antique Weapon Emporium.
 39748 | Snake:1  | Found Turapt's Weapon Shoppe.
 39918 | Abyss:1  | Noticed a tentacled starspawn
 39942 | Abyss:1  | Killed a tentacled starspawn
 40033 | Snake:1  | Escaped the Abyss
 41067 | Snake:1  | Found a transporter.
 42117 | Snake:1  | Found a transporter.
 42407 | Snake:2  | Noticed Vashnia
 44269 | Snake:2  | Killed Vashnia
 44712 | Snake:2  | Noticed a nagaraja
 44723 | Snake:2  | Killed a nagaraja
 44743 | Snake:2  | HP: 6/129 [black mamba (7)]
 44744 | Snake:2  | Slain by a black mamba

Illustrated notes

Levels and vault maps discovered:
D:1:      wander_arrival_peaceful_grave, layout_loops_ring
D:2:      layout_rooms, uniq_natasha, uniq_crazy_yiuf_cottage
D:3:      layout_rooms, gup_sewer_entry_pipe, dk_yredelemnul_ordeal,
          uniq_sigmund
D:4:      layout_basic
D:5:      kennysheep_steamy, layout_rooms, led_xom_imps
D:6:      layout_loops_ring, nicolae_underground_beach
D:7:      layout_basic, lemuel_doored_altar, minmay_temple_entry_mist,
          serial_shops, shop
D:8:      layout_basic, serial_curves, eino_curves_01, eino_curves_03,
          serial_shops, shop, chequers_jeans, minmay_misc_feat_ornament,
          minivault_22
D:9:      kennysheep_kobold_camp, layout_irregular_city, hangedman_incinerator,
          uniq_erica, uniq_harold
D:10:     layout_long_grid, uniq_erolcha, uniq_grum
D:11:     layout_basic, minmay_lair_entry_grove, basic_altar,
          gammafunk_ghost_wrathful_warriors, elyvilon_altar_1
D:12:     layout_cave_pods, serial_park, serial_park_square2, serial_shops,
          nicolae_shop_statue_plus, kennysheep_generic_room_2, uniq_fannar
D:13:     layout_stronghold, minmay_beelzebubs_servants
D:14:     layout_basic, grunt_vaults_entry_fortified, evilmike_ruin_ashenzari,
          st_stairs_13, chequers_serial_rivers_micro_e
D:15:     gammafunk_depths_entry_grave, layout_rooms, serial_shops, shop,
          basic_altar, chequers_serial_rivers_large_a
Lair:1:   layout_regular_city, grunt_megastairs_3, serial_bayou_shore_a
Lair:2:   layout_regular_city, elwin_shoals_entry_rooms, grunt_megastairs_1
Lair:3:   layout_chaotic_city, guppyfry_snake_entry_island,
          serial_bayou_crossing
Lair:4:   layout_cellular_growth, pf_torpor_hydra, uniq_urug
Lair:5:   layout_gridlike, minmay_lair_drake_nest
Lair:6:   hangedman_lair_in_review, layout_cave_pods, guppyfry_lair_end_dragon,
          nicolae_slime_entry_slimehenge, uniq_josephine
Snake:1:  gammafunk_its_a_trap, layout_basic, st_stairs_4, minmay_shoptagon
Snake:2:  layout_honeycomb, lemuel_fruit_tree, uniq_vashnia, uniq_kirke
Orc:1:    layout_caves, basic_altar, ebering_ghost_inner_flame, bloody_makhleb
Orc:2:    grunt_orc_tribal_feast, layout_diamond_mine, uniq_snorg

Skill      XL: |  1  2  3  4  5  6  7  8  9 10 11 12 13 14 15 16 |
---------------+-------------------------------------------------+-----
Short Blades   | 1 2 3 4 5 6 7 8 9 10 11 | 11.1
Long Blades    | 1 2 3 4 5 6 7 8 9 10 11 | 11.1
Maces & Flails | 1 2 3 4 5 6 7 8 9 10 11 | 11.1
Polearms       | 1 2 3 4 5 6 7 8 9 10 11 | 11.1
Staves         | 1 2 3 4 5 6 7 8 9 10 11 | 11.1
Slings         | 1 2 3 4 5 6 7 8 9 10 11 | 11.1
Bows           | 1 2 3 4 5 6 7 8 9 10 11 | 11.1
Crossbows      | 1 2 3 4 5 6 7 8 9 10 11 | 11.1
Throwing       | 1 2 3 4 5 6 7 8 9 10 11 | 11.1
Stealth        | 1 2 3 4 5 6 7 8 9 10 11 | 11.1
Shields        | 1 2 3 4 5 6 7 8 9 10 11 | 11.1
Unarmed Combat | 1 2 3 4 5 6 7 8 9 10 11 | 11.1
Spellcasting   | 1 2 3 4 5 6 7 8 9 10 11 | 11.1
Evocations     | 1 2 3 4 5 6 7 8 9 10 11 | 11.1
Conjurations   | 1 2 3 4 5 6 7 8 9 |  9.5
Hexes          | 1 2 3 4 5 6 7 8 9 |  9.5
Summonings     | 1 2 3 4 5 6 7 8 9 |  9.5
Necromancy     | 1 2 3 4 5 6 7 8 9 |  9.5
Translocations | 1 2 3 4 5 6 7 8 9 |  9.5
Transmutations | 1 2 3 4 5 6 7 8 9 |  9.5
Fire Magic     | 1 2 3 4 5 6 7 8 9 |  9.5
Ice Magic      | 1 2 3 4 5 6 7 8 9 |  9.5
Air Magic      | 1 2 3 4 5 6 7 8 9 |  9.5
Earth Magic    | 1 2 3 4 5 6 7 8 9 |  9.5
Poison Magic   | 1 2 3 4 5 6 7 8 9 |  9.5
Dodging        | 3 4 5 6 7 8 9 10 11 | 11.4
Invocations    | 5 6 7 8 9 10 11 12 | 12.7
Axes           | 5 6 7 8 9 10 11 | 11.9
Armour         | 5 6 7 8 9 10 11 | 11.9
Fighting       | 7 8 9 10 11 12 | 12.6

Action                   |  1- 3 |  4- 6 |  7- 9 | 10-12 | 13-15 | 16-18 || total
-------------------------+-------+-------+-------+-------+-------+-------++-------
Melee: Hand axe          |    87 |   155 |   422 |   102 |   126 |    24 ||   916
       Bite              |     7 |    13 |    55 |   147 |   128 |    47 ||   397
       Punch             |       |       |     8 |    33 |    11 |     2 ||    54
       Spear             |       |       |       |   777 |    61 |    16 ||   854
       Battleaxe         |       |       |       |    50 |   794 |   374 ||  1218
       Scimitar          |       |       |       |     7 |     8 |       ||    15
Throw: Dart              |       |       |    37 |    15 |    26 |    13 ||    91
Invok: Depart the Abyss  |     1 |       |       |       |       |     1 ||     2
       Banish            |       |       |       |     3 |     6 |     2 ||    11
       Bend Space        |       |       |       |       |       |     3 ||     3
       Enter the Abyss   |       |       |       |       |       |     1 ||     1
Evoke: Condenser vane    |       |       |       |       |     1 |     1 ||     2
  Use: Scroll            |     7 |     1 |    12 |    12 |    16 |     6 ||    54
       Potion            |     1 |     1 |     2 |     6 |       |    16 ||    26
 Stab: Petrified         |       |       |       |       |     4 |       ||     4
Armor: Scale mail        |    41 |    99 |   208 |    31 |       |       ||   379
       Plate armour      |       |       |       |   385 |   887 |   365 ||  1637
Dodge: Dodged            |    42 |   111 |   263 |   498 |   730 |   285 ||  1929
Block: Other             |       |       |       |   115 |   329 |   122 ||   566
       Reflection        |       |       |       |       |     7 |    16 ||    23
       Rpst.: Scimitar   |       |       |       |     2 |       |       ||     2

Table legend: (Time is in decaauts)
 A = Elapsed time spent in this place.
 B = Non-inter-level travel time spent in this place.
 C = Inter-level travel time spent in this place.
 D = Time resting spent in this place.
 E = Time spent auto-exploring this place.
 F = Levels seen in this place.
 G = Mean time per level.
                   A        B        C        D        E       F      G
               +--------+--------+--------+--------+--------+-----+--------+
         Total |  44913 |  43817 |   1096 |  14787 |  21877 |  30 | 1497.1 |
       Dungeon |  23878 |  23199 |    679 |   6151 |  12770 |  15 | 1591.9 |
          Lair |  12304 |  11979 |    325 |   3722 |   6658 |   6 | 2050.7 |
     Snake Pit |   5335 |   5322 |     13 |   3480 |   1215 |   2 | 2667.5 |
  Orcish Mines |   2641 |   2563 |     78 |   1312 |    877 |   2 | 1320.5 |
         Abyss |    468 |    468 |      0 |    120 |    130 |   4 |  117.0 |
         Sewer |    285 |    285 |      0 |      0 |    226 |   1 |  285.0 |
               +--------+--------+--------+--------+--------+-----+--------+

Top non-repeatable levels by time:
 Snake:1: 4578 daAuts
  Lair:6: 3363 daAuts
    D:14: 3305 daAuts
     D:8: 2905 daAuts
     D:9: 2503 daAuts
    D:10: 2348 daAuts
  Lair:2: 2304 daAuts
  Lair:3: 1974 daAuts
    D:12: 1882 daAuts
    D:13: 1879 daAuts
   Orc:2: 1723 daAuts
  Lair:1: 1699 daAuts
  Lair:5: 1573 daAuts
    D:11: 1528 daAuts
  Lair:4: 1389 daAuts
